 Dungeon Crawl Stone Soup version 0.31.0-9-g3a7656b989 (webtiles) character file.

Game seed: 9591339383116226721

86 qw the Shooter (level 4, -1/25 HPs)
             Began as a Deep Elf Hunter on Feb 2, 2024.
             Slain by a gnoll
             ... wielding a +0 halberd
              (11 damage)
             ... on level 3 of the Dungeon.
             The game lasted 00:00:06 (1508 turns).

qw the Shooter (Deep Elf Hunter)                    Turns: 1508, Time: 00:00:07

Health: -1/25      AC:  8    Str: 10    XL:     4   Next: 27%
Magic:  6/6        EV:  9    Int: 14    God:
Gold:   144        SH:  0    Dex: 18    Spells: 3/3 levels left

rFire   . . .        a - +0 shortbow
rCold   . . .        (shield currently unavailable)
rNeg    . . .        h - +0 scale mail
rPois   .            (no helmet)
rElec   .            (no cloak)
rCorr   .            (no gloves)
SInv    .            g - +1 pair of boots
Will    .....        (no amulet)
Stlth   +            (no ring)
HPRegen 0.24/turn    (no ring)
MPRegen 0.10/turn

%: no passive effects
@: no status effects
A: no striking features
a: no special abilities


You were on level 3 of the Dungeon.
You visited 1 branch of the dungeon, and saw 3 of its levels.

You collected 144 gold pieces.


   Skills:
 - Level 1.5 Fighting
 + Level 7.7 Ranged Weapons
 - Level 2.4 Dodging
 - Level 1.2 Stealth


You had 3 spell levels left.
You didn't know any spells.
Your spell library was empty.

Inventory:

Hand Weapons
 a - a +0 shortbow (weapon)
Armour
 g - a +1 pair of boots (worn)
 h - a +0 scale mail (worn)
Jewellery
 b - an amulet of magic regeneration
Scrolls
 c - a scroll of amnesia {unknown}
Potions
 d - a potion of curing
 e - a potion of might
 f - a potion of cancellation
 i - a potion of attraction {unknown}

Dungeon Overview and Level Annotations

Branches:
Dungeon (3/15)

Altars:


Message History

The gnoll attacks as it pursues you! The gnoll completely misses you.
1497 ||| RETREEEEATING.
1498 ||| RETREEEEATING.
The gnoll attacks as it pursues you! The gnoll hits you but does no damage.
You shoot an arrow. The gnoll shouts!
The arrow hits the gnoll but does no damage.
The gnoll is severely wounded.
The gnoll hits you but does no damage.
A gnoll comes into view. It is wielding a +0 whip.
You shoot an arrow. The gnoll shouts!
The arrow hits the gnoll but does no damage.
The gnoll is severely wounded.
The gnoll hits you but does no damage. The gnoll hits you with a +0 club.
You shoot an arrow.
The arrow hits the gnoll but does no damage.
The gnoll is severely wounded.
The gnoll barely misses you. x2
You shoot an arrow. The arrow hits the gnoll!
You kill the gnoll!
The gnoll hits you from afar with a +0 halberd.
You have reached level 4!
You feel clever.
You shoot an arrow. The arrow hits the gnoll!
The gnoll is heavily wounded.
The gnoll barely misses you. The gnoll misses you.
You shoot an arrow. The arrow hits the gnoll.
The gnoll is almost dead.
The gnoll closely misses you.
You shoot an arrow. The arrow hits the gnoll!
You kill the gnoll!
You shoot an arrow. The arrow closely misses the gnoll.
The gnoll barely misses you.
You shoot an arrow. The arrow hits the gnoll.
The gnoll is moderately wounded.
The gnoll hits you from afar with a +0 halberd!
The gnoll closely misses you.
You shoot an arrow. The arrow completely misses the gnoll.
The gnoll hits you from afar with a +0 halberd!
You die...

#. #.## #.##.#.
#....#.##
#.......######.#
#.......g)@....#
#.
#.#.....########
#............##...
...!.............
.##.###_#..#...#..
#.......#..#...#
###.....#..#...#
#................
##...............


You could see a gnoll.

Vanquished Creatures
  2 gnolls (D:3)
  An adder (D:2)
  A dart slug (D:1)
  2 ribbon worms (D:2)
  3 orcs
  4 ball pythons
  5 endoplasms (D:1)
  3 giant cockroaches
  2 goblins (D:2)
  5 hobgoblins
  2 kobolds
  3 quokkas (D:2)
  3 bats
  2 frilled lizards (D:1)
  6 rats
44 creatures vanquished.

Notes
Turn   | Place    | Note
-------+----------+-------------------------------------------
     0 | D:1      | qw the Deep Elf Hunter began the quest for the Orb.
     0 | D:1      | Reached XP level 1. HP: 12/12 MP: 3/3
     0 | D:1      | 0 ||| qw: Version: 0.3-a-155-g5e7d8dd
     0 | D:1      | 0 ||| qw: Game counter: 599
     0 | D:1      | 0 ||| qw: Melee chars always use a shield: true
     0 | D:1      | 0 ||| qw: God list: Okawaru
     0 | D:1      | 0 ||| qw: Allow faded altars: false
     0 | D:1      | 0 ||| qw: Do Orc after clearing Dungeon:15 true
     0 | D:1      | 0 ||| qw: Do second Lair branch before Depths: true
     0 | D:1      | 0 ||| qw: Lair rune preference: random
     0 | D:1      | 0 ||| qw: Goals: Normal
     0 | D:1      | 0 ||| PLANNING D:1-11
   205 | D:1      | Reached skill level 6 in Ranged Weapons
   205 | D:1      | Reached XP level 2. HP: 16/16 MP: 4/4
   691 | D:1      | 691 ||| UPGRADING to +0 scale mail.
   701 | D:1      | 701 ||| DROPPING +0 leather armour.
   702 | D:1      | 702 ||| READING 3 scrolls labelled OLIFUE HESM.
   702 | D:1      | 702 ||| IDENTIFYING grey potion
   703 | D:1      | 703 ||| READING 2 scrolls of identify.
   703 | D:1      | 703 ||| IDENTIFYING green potion
   704 | D:1      | 704 ||| READING scroll of identify.
   704 | D:1      | 704 ||| IDENTIFYING bubbling black potion
   705 | D:1      | 705 ||| READING scroll labelled POUH KUHUCH.
   710 | D:1      | 710 ||| DROPPING scroll of butterflies.
   868 | D:2      | Reached XP level 3. HP: 20/20 MP: 5/5
  1308 | D:2      | Reached skill level 7 in Ranged Weapons
  1407 | D:2      | 1407 ||| UPGRADING to +0 pair of boots.
  1412 | D:2      | 1412 ||| READING scroll of identify.
  1412 | D:2      | 1412 ||| IDENTIFYING fuming black potion
  1413 | D:2      | 1413 ||| READING scroll labelled TYBRUTREBB.
  1413 | D:2      | 1413 ||| ENCHANTING +0 pair of boots.
  1414 | D:2      | 1414 ||| DROPPING potion of brilliance.
  1430 | D:3      | 1430 ||| STAIRDANCE
  1474 | D:3      | Found a faded altar of an unknown god.
  1496 | D:3      | 1496 ||| RETREEEEATING.
  1497 | D:3      | 1497 ||| RETREEEEATING.
  1498 | D:3      | 1498 ||| RETREEEEATING.
  1503 | D:3      | Reached XP level 4. HP: 19/25 MP: 6/6
  1508 | D:3      | Slain by a gnoll

Levels and vault maps discovered:
D:1:      minmay_arrival_open_corners, layout_basic
D:2:      layout_basic
D:3:      layout_basic, lemuel_blue_sif_altar,
          nicolae_wu_jian_immortal_techniques, nicolae_gozag_zags_fifth_avenue,
          mainiacjoe_overflow_paths, hellmonk_ecumenical_altar_lost_god,
          uniq_robin

Skill      XL: |  1  2  3 |
---------------+----------+-----
Ranged Weapons | 6 7 |  7.7
Fighting       | |  1.5
Dodging        | |  2.4
Stealth        | |  1.2

Action                     |  1- 3 |  4- 6 || total
---------------------------+-------+-------++-------
   Fire: Shortbow          |   109 |     6 ||   115
    Use: Scroll            |     6 |       ||     6
 Armour: Leather armour    |     7 |       ||     7
         Scale mail        |    21 |     2 ||    23
  Dodge: Dodged            |    24 |     5 ||    29

Table legend:
 A = Non-vault XP
 B = Vault XP
 C = Vault XP percentage of total XP
 D = Non-vault monster count
 E = Vault monster count
 F = Vault count percentage of total count
                 A         B        C        D         E       F
            +---------+---------+-------+---------+---------+-------
      Total |     124 |       0 |   0.0 |      44 |       0 |   0.0
            +---------+---------+-------+---------+---------+-------
        D:1 |      36 |       0 |   0.0 |      20 |       0 |   0.0
        D:2 |      53 |       0 |   0.0 |      19 |       0 |   0.0
        D:3 |      35 |       0 |   0.0 |       5 |       0 |   0.0
            +---------+---------+-------+---------+---------+-------
